 Dungeon Crawl Stone Soup version 0.31.0-32-g396128a36d (webtiles) character file.

Game seed: 16305143320426392047

91 PaiMei the Grave Robber (level 4, -3/32 HPs)
             Began as a Demonspawn Necromancer on Apr 4, 2024.
             Slain by an orc
             ... wielding a +0 war axe
              (9 damage)
             ... on level 3 of the Dungeon.
             The game lasted 00:03:07 (2682 turns).

PaiMei the Grave Robber (Demonspawn Necromancer)    Turns: 2682, Time: 00:03:08

Health: -3/32      AC:  3    Str:  8    XL:     4   Next: 34%
Magic:  3/8        EV: 12    Int: 18    God:
Gold:   117        SH:  4    Dex: 13    Spells: 7/8 levels left

rFire   . . .        e - +0 spear
rCold   . . .        (no shield)
rNeg    . . .        a - +0 robe
rPois   +            (no helmet)
rElec   .            (no cloak)
rCorr   .            m - +0 pair of gloves
SInv    .            (no boots)
Will    .....        (no amulet)
Stlth   ++           j - ring of poison resistance
HPRegen 0.25/turn    (no ring)
MPRegen 0.11/turn

%: no passive effects
@: very slightly contaminated
A: condensation shield, weakness stinger 1
a: no special abilities


You were on level 3 of the Dungeon.
You visited 1 branch of the dungeon, and saw 3 of its levels.

You collected 117 gold pieces.

Inventory:

Hand Weapons
 e - a +0 spear (weapon)
Armour
 a - a +0 robe (worn)
 h - a +0 kite shield
 m - a +0 pair of gloves (worn)
Jewellery
 j - a ring of poison resistance (left hand)
Scrolls
 c - a scroll of fear {unknown}
 f - 4 scrolls of identify {unknown}
 g - a scroll of amnesia {unknown}
 n - a scroll of teleportation {unknown}
 o - a scroll of immolation {unknown}
Potions
 b - a potion of magic
 d - 2 potions of curing {unknown}
 i - a potion of resistance {unknown}
 k - a potion of attraction {unknown}
 l - 2 potions of heal wounds {unknown}


   Skills:
 + Level 1.4 Fighting
 + Level 2.5 Dodging
 - Level 2.0 Stealth
 + Level 2.7 Spellcasting
 + Level 5.0 Necromancy


You had 7 spell levels left.
You knew the following spells:

 Your Spells              Type           Power      Damage    Failure   Level
a - Necrotise             Necr           80%        1d8       2%          1

Your spell library contained the following spells:

 Spells                   Type           Power      Damage    Failure   Level
 Fugue of the Fallen      Necr           20%        N/A       6%          3
 Vampiric Draining        Necr           20%        2d7       6%          3
 Animate Dead             Necr           20%        N/A       22%         4
 Dazzling Flash           Conj/Hex       4%         N/A       45%         3
 Ozocubu's Armour         Ice            2%         N/A       45%         3
 Volatile Blastmotes      Fire/Tloc      4%         2d10      45%         3
 Curse of Agony           Necr           20%        N/A       52%         5
 Manifold Assault         Tloc           2%         N/A       86%         4
 Starburst                Conj/Fire      1%         6d3       100%        6
 Maxwell's Capacitive Co  Air            1%         ∞         100%        8


Dungeon Overview and Level Annotations

Branches:
Dungeon (3/15)

Altars:
Makhleb
Trog

Annotations:
D:3 1 runed translucent door, Curundu's ghost, amateur MiBe


Innate Abilities, Weirdness & Mutations

A meltable shield of frost defends you. (SH +4)
You have a small tail.


Message History

The hound skeleton bites your orc skeleton.
The orc hits you with a +0 club.
Your frilled lizard skeleton barely misses the adder.
The adder closely misses you.
Casting: Necrotise (safe; 2% risk of failure)
Confirm with . or Enter, or press ? or * to list all spells.
You don't know that spell.
The orc priest looks satisfied for a moment.
The adder bites you. The orc hits you with a +0 club.
* * * LOW HITPOINT WARNING * * *
Your orc skeleton barely misses the orc.
The adder attacks as it pursues you! The adder closely misses you.
Your frilled lizard skeleton bites the orc.
The adder attacks as it pursues you! The adder bites you but does no damage.
Casting: Necrotise (safe; 2% risk of failure)
Confirm with . or Enter, or press ? or * to list all spells.
Aiming: Necrotise (safe; 2% risk of failure)
Press: ? - help, Shift-Dir - straight line, f - adder
Aim: an adder (black smoke, chance to affect: 84%)
The adder writhes in agony.
The adder bites you but does no damage. The adder bites you.
* * * LOW HITPOINT WARNING * * *
Casting: Necrotise (safe; 2% risk of failure)
Confirm with . or Enter, or press ? or * to list all spells.
Aiming: Necrotise (safe; 2% risk of failure)
Press: ? - help, Shift-Dir - straight line, f/p - adder
Aim: an adder (black smoke, lightly wounded, ally target, chance to affect: 84%)
The adder writhes in agony!
The adder closely misses you.
Your orc skeleton hits the orc.
Casting: Necrotise (safe; 2% risk of failure)
Confirm with . or Enter, or press ? or * to list all spells.
Aiming: Necrotise (safe; 2% risk of failure)
Press: ? - help, Shift-Dir - straight line, f/p - adder
Aim: an adder (black smoke, almost dead, ally target, chance to affect: 84%)
You miscast Necrotise.
You are very lightly contaminated with residual magic.
Nothing appears to happen.
You block the adder's attack. The orc hits you with a +0 war axe!
You die...

.##.#..........#F#
...............#F#
...............#W#
...............##
................####
...................#
........#..#.#.§§§§#
..>.##........§§P§§#
....##.#..##..§§@§§#
.....#.#..##.#§o#S§#
.......#..##.##.§o####
..........#....ZZZo..#
.....#...............#
....#..............#
.<
........#..........w#
..w.
...........$...#.....
#...........)....w.


You could see an adder (ally target), 2 orcs and a friendly frilled lizard
skeleton.

Vanquished Creatures
  A hound zombie (D:3)
  2 adders
  2 orcs
  5 ball pythons
  4 bats
  3 endoplasms
  12 giant cockroaches (D:2)
  2 goblins (D:2)
  A hobgoblin (D:1)
  5 jackals
  2 quokkas
  4 frilled lizards
  4 kobolds
  3 rats (D:2)
50 creatures vanquished.

Notes
Turn   | Place    | Note
-------+----------+-------------------------------------------
     0 | D:1      | PaiMei the Demonspawn Necromancer began the quest for the
                  | Orb.
     0 | D:1      | Reached XP level 1. HP: 13/13 MP: 3/3
   533 | D:1      | Gained mutation: You have a small tail. [demonic ancestry]
   533 | D:1      | Reached XP level 2. HP: 19/19 MP: 3/5
  1536 | D:2      | Gained mutation: A meltable shield of frost defends you.
                  | (SH +4) [demonic ancestry]
  1536 | D:2      | Reached XP level 3. HP: 25/25 MP: 0/6
  1986 | D:2      | Reached skill level 1 in Fighting
  2215 | D:2      | Found a faded altar of an unknown god.
  2464 | D:3      | Reached XP level 4. HP: 32/32 MP: 3/8
  2509 | D:3      | Found a bloodstained altar of Trog.
  2545 | D:3      | Found a burning altar of Makhleb.
  2564 | D:3      | Found a runed translucent door.
  2566 | D:3      | Noticed a bullfrog
  2567 | D:3      | Noticed Curundu's ghost (amateur MiBe)
  2607 | D:3      | Reached skill level 5 in Necromancy
  2682 | D:3      | Slain by an orc

Illustrated notes

Levels and vault maps discovered:
D:1:      nagdon_arrival_double_spiral, layout_basic, hangedman_decor_growths
D:2:      minmay_roachtagon, layout_basic, ebering_ecumenical_altar_mist,
          corner_web_ring
D:3:      layout_rooms, mainiacjoe_overflow_alcove_1, general_overflow_altar,
          ebering_ghost_sewer_d, serial_undead, serial_undead_c,
          serial_undead_f, serial_undead_e, serial_undead_e

Skill      XL: |  1  2  3  4 |
---------------+-------------+-----
Dodging        | 2 |  2.5
Stealth        | 2 |  2.0
Fighting       | 1 |  1.4
Necromancy     | 5 |  5.0
Spellcasting   | |  2.7

Action                     |  1- 3 |  4- 6 || total
---------------------------+-------+-------++-------
  Melee: Unarmed           |     1 |       ||     1
         Spear             |    39 |    16 ||    55
         Tailslap          |     3 |     1 ||     4
   Cast: Necrotise         |    77 |     7 ||    84
 Armour: Robe              |    41 |    14 ||    55
  Dodge: Dodged            |    55 |    22 ||    77
  Block: Other             |    14 |     9 ||    23
